 Dungeon Crawl Stone Soup version 0.31-a0-986-g5e6e4ef867 (webtiles) character file.

Game seed: 297312274618896949

954 grandjackal the Trooper (level 7, 0/58 HPs)
             Began as a Demonspawn Gladiator on Nov 20, 2023.
             Slain by a gnoll
             ... wielding a +0 spear
             ... led by a gnoll bouda
              (4 damage)
             ... on level 6 of the Dungeon.
             The game lasted 00:07:02 (4614 turns).

grandjackal the Trooper (Demonspawn Gladiator)      Turns: 4614, Time: 00:07:03

Health: 0/58       AC:  6    Str: 16    XL:     7   Next: 91%
Magic:  7/7        EV: 11    Int:  9    God:
Gold:   114        SH:  0    Dex: 15    Spells: 6/6 levels left

rFire   . . .        a - +0 long sword
rCold   . . .        (no shield)
rNeg    . . .        p - +0 ring mail
rPois   .            (helmet restricted)
rElec   .            l - +0 cloak
rCorr   .            (no gloves)
SInv    .            (no boots)
Will    .....        (no amulet)
Stlth   +            (no ring)
HPRegen 0.29/turn    (no ring)
MPRegen 0.20/turn

%: no passive effects
@: no status effects
A: horns 1, magic regeneration
a: no special abilities


You were on level 6 of the Dungeon.
You visited 1 branch of the dungeon, and saw 6 of its levels.

You collected 189 gold pieces.
You spent 75 gold pieces at shops.

Inventory:

Hand Weapons
 a - a +0 long sword (weapon)
 o - the +1 short sword of the Dungeon {spect, rPois rF- SInv}
   (You found it on level 2 of the Dungeon)

   rF-:       It makes you vulnerable to fire.
   rPois:     It protects you from poison SInv: It lets you see invisible.
Missiles
 b - 2 boomerangs
 d - 3 throwing nets
 e - a javelin
 g - 2 poisoned darts (quivered)
Armour
 l - a +0 cloak (worn)
 p - a +0 ring mail (worn)
Jewellery
 f - a ring of protection from cold
Scrolls
 i - 7 scrolls of identify {unknown}
 k - a scroll of silence {unknown}
 m - 3 scrolls of teleportation
 q - 2 scrolls of summoning {unknown}
 r - 2 scrolls of enchant weapon {unknown}
 s - a scroll of acquirement {unknown}
 t - 3 scrolls of blinking {unknown}
 u - a scroll of enchant armour {unknown}
 w - a scroll of torment {unknown}
 y - a scroll of revelation {unknown}
Potions
 c - 3 potions of heal wounds {unknown}
 h - 2 potions of resistance {unknown}
 j - 2 potions of curing
 n - a potion of might {unknown}
 v - a potion of mutation {unknown}
 x - a potion of magic {unknown}
 z - a potion of brilliance {unknown}
 A - a potion of degeneration {unknown}


   Skills:
 + Level 6.1 Fighting
 + Level 5.8 Long Blades
 - Level 2.0 Throwing
 - Level 3.1 Armour
 - Level 3.0 Dodging


You had 6 spell levels left.
You didn't know any spells.
Your spell library contained the following spells:

 Spells                   Type           Power      Damage    Failure   Level
 Kiss of Death            Conj/Necr      0%         2d5       58%         1
 Confusing Touch          Hex            0%         N/A       92%         3
 Dispel Undead            Necr           0%         3d6       100%        4


Dungeon Overview and Level Annotations

Branches:
Dungeon (6/15)             Temple (0/1) D:5

Altars:
Uskayaw

Shops:
D:3 ?!?[:   D:6 (


Innate Abilities, Weirdness & Mutations

You have a pair of small horns on your head.
You regenerate magic rapidly.


Message History

You kill the gnoll!
The shadow imp grins evilly.
The gnoll throws a throwing net.
The throwing net hits you.
You become entangled in the net!
Unknown command.
You struggle against the net.
The gnoll is no longer moving quickly.
The gnoll hits you from afar with a +0 spear.
* * * LOW HITPOINT WARNING * * *
You struggle against the net.
The gnoll hits you but does no damage.
You struggle against the net.
The gnoll is no longer moving quickly.
The gnoll hits you from afar with a +0 spear.
* * * LOW HITPOINT WARNING * * *
You rip the net and break free!
The gnoll closely misses you.
Your attacks no longer feel as feeble.
The gnoll hits you but does no damage.
The gnoll hits you from afar with a +0 spear.
* * * LOW HITPOINT WARNING * * *
Items here: )))) [ ††.
You hit the gnoll but do no damage. The gnoll misses you.
The gnoll hits you from afar with a +0 spear.
* * * LOW HITPOINT WARNING * * *
You completely miss the gnoll. The gnoll hits you with a +0 spear.
* * * LOW HITPOINT WARNING * * *
The gnoll hits you from afar with a +0 spear.
* * * LOW HITPOINT WARNING * * *
You feel better. The gnoll hits you with a +0 spear.
* * * LOW HITPOINT WARNING * * *
The gnoll misses you.
You closely miss the gnoll. The gnoll hits you with a +0 spear.
* * * LOW HITPOINT WARNING * * *
The gnoll hits you from afar with a +0 spear.
* * * LOW HITPOINT WARNING * * *
You closely miss the gnoll. The gnoll hits you with a +0 spear.
* * * LOW HITPOINT WARNING * * *
The gnoll hits you from afar with a +0 spear.
* * * LOW HITPOINT WARNING * * *
You hit the gnoll.
The gnoll is moderately wounded.
The gnoll hits you with a +0 spear.
You die...

.......†### .#####.)..# ##
#.##'## ###8.8## ##### #########
##.....## #...# #.......$
######8.....8## ##.).# #........
...##.........## #....# #.....(..
...#8.........8###....###........
...'.....).....'@gg##..g.........
####8.........8###5###.#....###..
# ##.........## #.#.....8..._...
## ##8.....8## #...#..g...!)...
.# ##.....####.........8.g.....
.# ###8.8##.> .#.#..#..........
.# #.##'###.###..##.#..8.......
.## #....###.....###.##.........
..#####.####...# ...####.#.


You could see 2 gnolls and a shadow imp.

Vanquished Creatures
  2 ogres (D:4)
  A centaur (D:4)
  A phantom (D:5)
  A howler monkey (D:5)
  A gnoll bouda (D:6)
  5 hounds
  An orc priest (D:6)
  2 sleepcaps
  Natasha (thrice) (D:2)
  An iguana (D:5)
  3 gnolls (D:6)
  10 adders
  A white imp (D:5)
  2 worms (D:2)
  3 dart slugs
  11 orcs
  9 endoplasms
  3 giant cockroaches
  10 goblins
  9 hobgoblins
  5 jackals
  5 kobolds
  3 quokkas
  6 ball pythons
  5 bats
  2 frilled lizards
  5 rats
110 creatures vanquished.

Notes
Turn   | Place    | Note
-------+----------+-------------------------------------------
     0 | D:1      | grandjackal the Demonspawn Gladiator began the quest for
                  | the Orb.
     0 | D:1      | Reached XP level 1. HP: 16/16 MP: 1/1
   145 | D:1      | Gained mutation: You have a pair of small horns on your
                  | head. [demonic ancestry]
   145 | D:1      | Reached XP level 2. HP: 22/22 MP: 2/2
  1007 | D:1      | Gained mutation: You regenerate magic rapidly. [demonic
                  | ancestry]
  1007 | D:1      | Reached XP level 3. HP: 7/28 MP: 3/3
  1244 | D:2      | Reached skill level 1 in Armour
  1306 | D:2      | Reached XP level 4. HP: 32/34 MP: 4/4
  1309 | D:2      | Reached skill level 3 in Fighting
  1337 | D:2      | Noticed Natasha
  1350 | D:2      | Killed Natasha
  1487 | D:2      | Identified the +1 short sword of the Dungeon {spect, rPois
                  | rF- SInv}
  1768 | D:2      | Noticed Natasha
  1772 | D:2      | Killed Natasha
  1773 | D:2      | Reached XP level 5. HP: 41/41 MP: 5/5
  1806 | D:2      | Noticed Natasha
  1812 | D:2      | Killed Natasha
  1994 | D:3      | Found a transporter.
  1994 | D:3      | Found Niwotohu's Magic Scroll Emporium.
  1996 | D:3      | Found a transporter.
  2002 | D:3      | Bought a scroll of teleportation for 39 gold pieces
  2340 | D:3      | Found Cutighag's Distillery.
  2383 | D:3      | Found Guameuqu's Magic Scroll Boutique.
  2466 | D:3      | Found Ameqy's Armour Emporium.
  2490 | D:3      | Found Ceroibb's Book Emporium.
  2786 | D:3      | Bought a potion of curing for 36 gold pieces
  2802 | D:4      | Noticed an ogre
  2802 | D:4      | Noticed a centaur
  2881 | D:3      | Reached skill level 4 in Fighting
  2881 | D:3      | Reached XP level 6. HP: 9/48 MP: 6/6
  3551 | D:4      | Reached XP level 7. HP: 55/55 MP: 7/7
  3598 | D:5      | Entered Level 5 of the Dungeon
  3616 | D:4      | Reached skill level 5 in Fighting
  3626 | D:5      | Reached skill level 5 in Long Blades
  3864 | D:5      | Found a staircase to the Ecumenical Temple.
  4392 | D:6      | Found Opibbi Vili's Weapon Shop.
  4542 | D:6      | Found a hide-covered altar of Uskayaw.
  4571 | D:6      | Reached skill level 6 in Fighting
  4614 | D:6      | Slain by a gnoll

Illustrated notes

Levels and vault maps discovered:
D:1:      minmay_arrival_up_and_down, layout_basic
D:2:      layout_basic, st_stairs_5, minivault_14, uniq_natasha
D:3:      layout_loops_cross, mainiacjoe_overflow_surrounded_room, serial_shops,
          nicolae_shop_drivethru, nicolae_shop_real_fake_doors, shop,
          nicolae_diamond_shop, nicolae_shop_waterfront
D:4:      layout_rooms, mainiacjoe_overflow_boulevard
D:5:      layout_rooms, temple_hall
D:6:      layout_rooms, eat_drink_and_be_merry_uskayaw,
          mainiacjoe_overflow_chevrons, serial_shops, nicolae_shop_statue_plus,
          dk_noncrumbling_4

Skill      XL: |  1  2  3  4  5  6  7 |
---------------+----------------------+-----
Throwing       | 2 |  2.0
Long Blades    | 3 4 5 |  5.8
Dodging        | 3 |  3.0
Armour         | 1 2 3 |  3.1
Fighting       | 3 4 6 |  6.1

Action                     |  1- 3 |  4- 6 |  7- 9 || total
---------------------------+-------+-------+-------++-------
  Melee: Long sword        |    93 |   166 |   121 ||   380
         Headbutt          |     6 |    19 |    23 ||    48
         Punch             |     2 |     1 |     3 ||     6
  Throw: Dart              |       |     3 |       ||     3
         Boomerang         |       |     1 |       ||     1
    Use: Potion            |       |       |     2 ||     2
   Stab: Sleeping          |       |     1 |       ||     1
 Armour: Leather armour    |    57 |    23 |       ||    80
         Ring mail         |       |    86 |    97 ||   183
  Dodge: Dodged            |    68 |   118 |    80 ||   266

Table legend: (Time is in decaauts)
 A = Elapsed time spent in this place.
 B = Non-inter-level travel time spent in this place.
 C = Inter-level travel time spent in this place.
 D = Time resting spent in this place.
 E = Time spent auto-exploring this place.
 F = Levels seen in this place.
 G = Mean time per level.
                   A        B        C        D        E       F      G
               +--------+--------+--------+--------+--------+-----+--------+
         Total |   4696 |   4510 |    186 |    879 |   2668 |   6 |  782.7 |
       Dungeon |   4696 |   4510 |    186 |    879 |   2668 |   6 |  782.7 |
               +--------+--------+--------+--------+--------+-----+--------+

Top non-repeatable levels by time:
     D:3: 1168 daAuts
     D:1: 1054 daAuts
     D:2: 916 daAuts
     D:5: 619 daAuts
     D:4: 542 daAuts
     D:6: 394 daAuts
